 Dungeon Crawl Stone Soup version 0.31.0-12-g77e489cdc1 (webtiles) character file.

Game seed: 17526783173260708175

19522 Farjai the Toxicologist (level 12, -12/69 HPs)
             Began as a Demonspawn Alchemist on Feb 21, 2024.
             Was a High Priest of Hepliaklqana.
             Mangled by a swamp dragon (13 damage)
             ... on level 1 of the Swamp.
             The game lasted 02:03:49 (10707 turns).

Farjai the Toxicologist (Demonspawn Alchemist)     Turns: 10707, Time: 02:03:49

Health: -12/69     AC:  8    Str:  5    XL:     12   Next: 37%
Magic:  0/28       EV: 12    Int: 17    God:    Hepliaklqana [*****.]
Gold:   706        SH:  0    Dex: 23    Spells: 15/35 levels left

rFire   + + .        a - +9 hammer of Terror {drain, rF++ Str-5 Dex+7}
rCold   + . .        (no shield)
rNeg    . . .        b - +0 troll leather armour
rPois   +            Y - +0 hat
rElec   .            c - +1 cloak {Stlth+}
rCorr   .            (no gloves)
SInv    .            (no boots)
Will    .....        (no amulet)
Stlth   ++           T - ring "Fokh" {rPois rC+}
HPRegen 1.11/turn    C - ring of wizardry
MPRegen 0.42/turn

%: guardian spirit, wizardry (x1)
@: slowed, very slow
A: reduced essence, horns 2, molten scales 2, magic shield, magic regeneration,
magic link, demonic magic 1
a: Renounce Religion, Recall Ancestor, Ancestor Identity, Transference, Idealise


You were on level 1 of the Swamp.
You worshipped Hepliaklqana.
Hepliaklqana was extremely pleased with you.
You visited 3 branches of the dungeon, and saw 13 of its levels.
You also visited: Bailey and Gauntlet.

You collected 730 gold pieces.
You spent 24 gold pieces at shops.

Inventory:

Hand Weapons
 a - the +9 hammer of Terror (weapon) {drain, rF++ Str-5 Dex+7}
   (You found it on level 5 of the Dungeon)

   Str-5:     It affects your strength (-5).
   Dex+7:     It affects your dexterity (+7).
   rF++:      It greatly protects you from fire.
 d - a +0 short sword
 t - the +6 dagger of Division {heavy, rElec rPois rC+}
   (You found it on level 3 of the Dungeon)

   rC+:       It protects you from cold.
   rElec:     It insulates you from electricity.
   rPois:     It protects you from poison
Missiles
 m - 2 javelins
 u - 57 poisoned darts
 w - 4 curare-tipped darts
 x - 71 stones
 G - 15 boomerangs
 H - 4 datura-tipped darts
 J - 4 darts of dispersal
 K - 7 atropa-tipped darts
Armour
 b - a +0 troll leather armour (worn)
 c - a +1 cloak of stealth (worn)
 y - a +2 robe of resistance
 Y - a +0 hat (worn)
Magical Staves
 r - a staff of earth
 F - a staff of fire
Jewellery
 C - a ring of wizardry (right hand)
 T - the ring "Fokh" (left hand) {rPois rC+}
   (You found it on level 9 of the Dungeon)

   [ring of poison resistance]

   rC+:       It protects you from cold.
   rPois:     It protects you from poison
Wands
 j - a wand of digging (4)
 n - a wand of paralysis (8)
 o - a wand of polymorph (11)
 A - a wand of mindburst (8)
 P - a wand of quicksilver (6)
 R - a wand of roots (11)
 V - a wand of flame (7)
Scrolls
 f - a scroll of fear {unknown}
 g - a scroll of immolation {unknown}
 k - 3 scrolls of revelation {unknown}
 l - a scroll of acquirement {unknown}
 p - 6 scrolls of teleportation {unknown}
 q - a scroll of amnesia
 v - 2 scrolls of noise {unknown}
 B - 2 scrolls of butterflies {unknown}
 M - a scroll of silence {unknown}
 N - a scroll of enchant weapon {unknown}
 Q - 2 scrolls of poison {unknown}
 S - a scroll of fog {unknown}
 W - 2 scrolls of vulnerability {unknown}
 Z - 2 scrolls of blinking {unknown}
Potions
 e - 3 potions of brilliance
 h - 2 potions of heal wounds
 i - 3 potions of curing
 s - 2 potions of haste
 z - 2 potions of enlightenment
 D - 2 potions of berserk rage
 E - 2 potions of attraction
 I - 2 potions of ambrosia
 O - 3 potions of lignification
 U - a potion of might
 X - a potion of resistance {unknown}
Miscellaneous
 L - a phantom mirror


   Skills:
 + Level 1.3 Fighting
 + Level 1.0 Short Blades
 + Level 1.3 Maces & Flails
 + Level 2.2 Armour
 + Level 2.8 Dodging
 + Level 4.2 Stealth
 + Level 12.1 Spellcasting
 + Level 5.3 Conjurations
 + Level 0.3 Translocations
 + Level 4.0 Fire Magic
 + Level 2.1 Air Magic
 + Level 12.9 Alchemy
 + Level 2.1 Invocations
 + Level 1.2 Evocations


You had 15 spell levels left.
You knew the following spells:

 Your Spells              Type           Power      Damage    Failure   Level
a - Sting                 Conj/Alch      100%       1d9       1%          1
b - Mercury Vapours       Alch/Air       70%        N/A       1%          2
c - Mephitic Cloud        Conj/Alch/Air  33%        N/A       1%          3
d - Olgreb's Toxic Radia  Alch           53%        N/A       1%          4
f - Sticky Flame          Fire/Alch      39%        2d8       1%          4
g - Starburst             Conj/Fire      13%        6d5       65%         6

Your spell library contained the following spells:

 Spells                   Type           Power      Damage    Failure   Level
 Magic Dart               Conj           100%       1d8       1%          1
 Slow                     Hex            40%        N/A       4%          1
 Dazzling Flash           Conj/Hex       38%        N/A       4%          3
 Volatile Blastmotes      Fire/Tloc      34%        2d12      5%          3
 Blink                    Tloc           22%        N/A       6%          2
 Call Imp                 Summ           20%        N/A       7%          2
 Confusing Touch          Hex            10%        N/A       13%         3
 Sigil of Binding         Hex            10%        N/A       13%         3
 Vampiric Draining        Necr           10%        2d6       13%         3
 Manifold Assault         Tloc           11%        N/A       34%         4
 Dispersal                Tloc           5%         N/A       99%         6
 Disjunction              Tloc           5%         N/A       100%        8
 Maxwell's Capacitive Co  Air            8%         ∞         100%        8


Dungeon Overview and Level Annotations

Branches:
Dungeon (10/15)            Temple (0/1) D:7            Lair (2/5) D:10
  Swamp (1/4) Lair:2       Bailey (visited)         Gauntlet (visited)
  Snake: Lair:2-3    Spider: Lair:2-3       Orc: D:9-12

Altars:
Cheibriados
Dithmenos
Fedhas
Gozag
Hepliaklqana
Nemelex Xobeh
Okawaru
Trog
Uskayaw
Vehumet
Wu Jian
Xom
Yredelemnul

Shops:
D:1 ?


Innate Abilities, Weirdness & Mutations

Your life essence is reduced to manifest your ancestor. (-10% HP)
You have a pair of horns on your head.
You are mostly covered in molten scales. (AC +3)
When hurt, damage is shared between your health and your magic reserves.
You regenerate magic rapidly.
When low on magic, you restore magic in place of health.
Spells you cast may paralyse adjacent enemies.


Message History

Your Invocations skill increases to level 2!
You feel much better.
The briar patch crumbles away. x2
The helpless swamp dragon fails to defend itself.
You hit the swamp dragon.
The swamp dragon is lightly wounded.
The swamp dragon is no longer paralysed.
Psammuthes loses the glow of perfection.
The briar patch crumbles away.
The swamp dragon bites you!
The swamp dragon claws you but does no damage.
The swamp dragon tramples you but does no damage.
Psammuthes hits the swamp dragon but does no damage.
The swamp dragon bites you! The swamp dragon closely misses you.
The swamp dragon tramples you.
* * * LOW HITPOINT WARNING * * *
You stumble backwards!
Splash!
You fall into the shallow water.
Moving in this stuff is going to be slow.
Psammuthes hits the swamp dragon with a +0 quarterstaff!
You feel much better.
The briar patch crumbles away.
The goliath frog hits you from afar!!
You are splashed with acid.
The swamp dragon bites you!
* * * LOW HITPOINT WARNING * * *
The swamp dragon barely misses you. The swamp dragon tramples you.
* * * LOW HITPOINT WARNING * * *
You stumble backwards!
Splash!
The swamp dragon bites you.
* * * LOW HITPOINT WARNING * * *
The swamp dragon claws you.
* * * LOW HITPOINT WARNING * * *
The swamp dragon tramples you.
* * * LOW HITPOINT WARNING * * *
You hold your ground!
You feel much better. The goliath frog hits you from afar!!
* * * LOW HITPOINT WARNING * * *
You are splashed with acid!
* * * LOW HITPOINT WARNING * * *
The swamp dragon bites you!
You die...

♣.~..~.♣
♣~~~~~.♣
♣.~~~~.♣
♣♣.~~~~.♣
♣.~~~~~!♣♣
♣.~?§~..~♣
♣RF♣ ♣♣D.♣
♣@~>♣
♣~~~♣♣
♣.~~.♣
♣♣P..♣♣
♣~PP.♣
♣♣~♣~♣♣
♣..~.♣
♣♣.~~~♣
♣).~~~♣


You could see the friendly Psammuthes the battlemage (slow), a swamp dragon
(ally target) and a goliath frog.

Vanquished Creatures
  Gastronok (Lair:2)
  A hydra (Lair:2)
  An alligator (Lair:2)
  2 two-headed ogres (D:9)
  A bog body (Swamp:1)
  2 cane toads (Lair:2)
  A black mamba (Lair:2)
  A torpor snail (Lair:2)
  A komodo dragon (Lair:1)
  A rime drake (Lair:1)
  A troll (D:9)
  5 blink frogs
  A hornet (Lair:1)
  2 wyverns
  6 yaks (Lair:2)
  2 basilisks (Lair:1)
  A water moccasin (Lair:2)
  5 orc warriors
  5 black bears
  An ogre (D:6)
  6 wolves
  3 kobold brigands (Bailey)
  2 bullfrogs
  2 scorpions
  2 wights
  4 killer bees (D:7)
  An electric eel (Lair:2)
  2 bombardier beetles
  A hound (D:6)
  Crazy Yiuf (D:5)
  A gnoll bouda (D:5)
  2 orc priests (D:7)
  An iguana (D:5)
  Jessica (D:2)
  Terence (D:3)
  2 orc wizards (D:7)
  4 gnolls
  8 adders
  A shadow imp (D:4)
  A ribbon worm (D:2)
  8 orcs
  6 ball pythons
  6 bats
  6 endoplasms
  A giant cockroach (D:2)
  7 goblins
  3 hobgoblins
  A jackal (D:3)
  6 quokkas
  A frilled lizard (D:1)
  2 hobgoblin zombies (D:6)
  21 kobolds
  6 rats
  A butterfly (Lair:1)
162 creatures vanquished.

Vanquished Creatures (collateral kills)
  A thorn hunter (Swamp:1)
  A two-headed ogre (D:9)
  Nergalle (Lair:2)
  An elephant (D:10)
  A black mamba (Lair:1)
  2 cane toads
  A komodo dragon (D:10)
  Psyche (D:8)
  A polar bear (D:10)
  4 blink frogs
  4 yaks (Lair:2)
  2 wyverns
  4 water moccasins
  An ice beast (D:6)
  2 orc warriors
  A black bear (Lair:2)
  A sky beast (D:6)
  4 wolves
  A phantom (D:6)
  5 kobold brigands
  4 bullfrogs
  6 wights
  A killer bee (D:7)
  An electric eel (D:10)
  A quasit (D:6)
  2 jellies (D:6)
  A gnoll bouda (D:7)
  2 sleepcaps
  3 orc wizards
  A statue (D:6)
  4 adders
  9 gnolls
  5 white imps
  An ufetubus (D:4)
  An orc (D:4)
  A ball python (D:3)
  An endoplasm (D:2)
  A goblin (D:3)
  A hobgoblin (D:3)
  2 jackals (D:3)
  2 goblin skeletons (D:6)
  A goblin zombie (D:6)
  4 hobgoblin zombies (D:6)
  A kobold (D:9)
  An orc zombie (D:6)
96 creatures vanquished.

Vanquished Creatures (others)
  4 battlemagi
  An ancestor (D:3)
5 creatures vanquished.

Grand Total: 263 creatures vanquished

Notes
Turn   | Place    | Note
-------+----------+-------------------------------------------
     0 | D:1      | Farjai the Demonspawn Alchemist began the quest for the
                  | Orb.
     0 | D:1      | Reached XP level 1. HP: 13/13 MP: 3/3
   261 | D:1      | Gained mutation: You have a pair of small horns on your
                  | head. [demonic ancestry]
   261 | D:1      | Reached XP level 2. HP: 19/19 MP: 3/5
   331 | D:1      | Learned a level 2 spell: Mercury Vapours
   382 | D:1      | Found Xioluwyr's Magic Scroll Shoppe.
   394 | D:1      | Bought a scroll of identify for 24 gold pieces
  1170 | D:2      | Reached XP level 3. HP: 24/24 MP: 0/6
  1177 | D:2      | Learned a level 3 spell: Mephitic Cloud
  1421 | D:2      | Noticed Jessica
  1431 | D:2      | Killed Jessica
  1432 | D:2      | Reached XP level 4. HP: 26/30 MP: 0/7
  1553 | D:2      | Found a faded altar of an unknown god.
  1563 | D:2      | Prayed at the altar of an unknown god.
  1563 | D:2      | Became a worshipper of Hepliaklqana the Forgotten
  1563 | D:2      | Reached * piety under Hepliaklqana
  2295 | D:3      | Identified the +6 dagger of Division {heavy, rElec rPois
                  | rC+}
  2464 | D:3      | Found a basalt altar of Yredelemnul.
  2466 | D:3      | Found a bloodstained altar of Trog.
  2467 | D:3      | Found an ornate altar of the Wu Jian Council.
  2468 | D:3      | Found a snail-covered altar of Cheibriados.
  2473 | D:3      | Noticed Terence
  2474 | D:3      | Found a shimmering altar of Xom.
  2486 | D:3      | Killed Terence
  2487 | D:3      | Reached skill level 1 in Air Magic
  2487 | D:3      | Reached XP level 5. HP: 29/32 MP: 6/9
  2645 | D:3      | Reached ** piety under Hepliaklqana
  2646 | D:3      | Remembered your ancestor Psammuthes as a battlemage
  2770 | D:4      | Reached skill level 1 in Short Blades
  2896 | D:4      | Learned a level 4 spell: Olgreb's Toxic Radiance
  3577 | D:4      | Gained mutation: You regenerate magic rapidly. [demonic
                  | ancestry]
  3577 | D:4      | Reached XP level 6. HP: 37/37 MP: 6/11
  3761 | D:5      | Entered Level 5 of the Dungeon
  4053 | D:5      | Noticed a water moccasin
  4060 | D:5      | Killed a water moccasin
  4061 | D:5      | Reached skill level 5 in Alchemy
  4100 | D:5      | Gained mutation: When hurt, damage is shared between your
                  | health and your magic reserves. [demonic ancestry]
  4100 | D:5      | Reached XP level 7. HP: 42/42 MP: 3/13
  4145 | D:5      | Reached *** piety under Hepliaklqana
  4165 | D:5      | Learned a level 3 spell: Volatile Blastmotes
  4618 | D:5      | Found a hazy altar of Hepliaklqana.
  4627 | D:5      | Found a blossoming altar of Fedhas.
  4630 | D:5      | Found an iron altar of Okawaru.
  4633 | D:5      | Found a shadowy altar of Dithmenos.
  4644 | D:5      | Reached skill level 5 in Spellcasting
  4731 | D:5      | Found a runed translucent door.
  4734 | D:5      | Noticed Crazy Yiuf
  4735 | D:5      | Identified the +2 hammer "Ysonyva" {pain, rPois Will+++
                  | Dex-4 Stlth+}
  4741 | D:5      | Identified the +9 hammer of Terror {drain, rF++ Str-5
                  | Dex+7}
  4775 | D:5      | Killed Crazy Yiuf
  4902 | D:5      | Found a sparkling altar of Nemelex Xobeh.
  4902 | D:5      | Found an opulent altar of Gozag.
  5115 | D:6      | Gained mutation: When low on magic, you restore magic in
                  | place of health. [demonic ancestry]
  5115 | D:6      | Reached XP level 8. HP: 46/47 MP: 11/15
  5120 | D:6      | Learned a level 4 spell: Sticky Flame
  5255 | D:6      | Found a radiant altar of Vehumet.
  5455 | D:6      | Reached skill level 1 in Fighting
  5836 | D:7      | Reached **** piety under Hepliaklqana
  5846 | D:7      | Found a flagged portal.
  5870 | Bailey   | Entered a bailey
  5983 | Bailey   | Gained mutation: Spells you cast may paralyse adjacent
                  | enemies. [demonic ancestry]
  5983 | Bailey   | Reached XP level 9. HP: 53/53 MP: 11/19
  6016 | Bailey   | Reached skill level 1 in Fire Magic
  6064 | Bailey   | Found a burning altar of Makhleb.
  6514 | D:7      | Learned a level 6 spell: Starburst
  6633 | D:7      | Found a staircase to the Ecumenical Temple.
  7252 | D:8      | Found a hide-covered altar of Uskayaw.
  7254 | D:8      | Noticed Psyche
  7260 | D:8      | Killed Psyche
  7771 | D:9      | Gained mutation: You are partially covered in molten
                  | scales. (AC +2) [demonic ancestry]
  7771 | D:9      | Reached XP level 10. HP: 58/58 MP: 13/22
  7807 | D:9      | Noticed a two-headed ogre
  7814 | D:9      | Killed a two-headed ogre
  7814 | D:9      | Noticed a two-headed ogre
  7819 | D:9      | Reached skill level 10 in Alchemy
  7821 | D:9      | Killed a two-headed ogre
  7822 | D:9      | Reached skill level 1 in Invocations
  7938 | D:9      | Noticed a two-headed ogre
  7948 | D:9      | Killed a two-headed ogre
  8012 | D:9      | Identified the ring "Fokh" {rPois rC+}
  8288 | D:10     | Entered Level 10 of the Dungeon
  8407 | D:10     | Found a staircase to the Lair.
  8407 | D:10     | Noticed an elephant
  8412 | D:10     | Killed an elephant
  8435 | Lair:1   | Entered Level 1 of the Lair of Beasts
  8461 | Lair:1   | Reached skill level 10 in Spellcasting
  8544 | Lair:1   | Reached skill level 1 in Armour
  8544 | Lair:1   | Gained mutation: You have a pair of horns on your head.
                  | [demonic ancestry]
  8544 | Lair:1   | Reached XP level 11. HP: 52/63 MP: 18/25
  8697 | Lair:1   | Reached skill level 1 in Evocations
  8954 | Lair:1   | Found a gate leading to a gauntlet.
  8964 | Gauntlet | Entered a Gauntlet
  8964 | Gauntlet | Found a transporter.
  8973 | Gauntlet | Noticed a necromancer
  8975 | Gauntlet | Found a transporter.
  8977 | Gauntlet | Found a transporter.
  8979 | Gauntlet | Found a transporter.
  8995 | Gauntlet | Found a transporter.
  9010 | Gauntlet | Found a transporter.
  9012 | Gauntlet | Noticed a wretched star
  9017 | Gauntlet | Found a transporter.
  9028 | Gauntlet | Noticed a dire elephant
  9037 | Gauntlet | Found a transporter.
  9057 | Gauntlet | Found a transporter.
  9069 | Gauntlet | Found a transporter.
  9069 | Gauntlet | Noticed a hell beast
  9070 | Gauntlet | Found the +6 shillelagh "Devastator" {shatter}
  9093 | Gauntlet | Found a transporter.
  9101 | Gauntlet | Found a transporter.
  9115 | Gauntlet | Found a large runed translucent door.
  9115 | Gauntlet | Noticed a large abomination
  9116 | Gauntlet | Found a large runed translucent door.
  9117 | Gauntlet | Found a large runed translucent door.
  9117 | Gauntlet | Found a large runed translucent door.
  9118 | Gauntlet | Found a runed translucent gate.
  9119 | Gauntlet | Found a transporter.
  9119 | Gauntlet | Found a runed translucent gate.
  9120 | Gauntlet | Found a runed translucent gate.
  9121 | Gauntlet | Found a large runed translucent door.
  9121 | Gauntlet | Found a large runed translucent door.
  9122 | Gauntlet | Found a large runed translucent door.
  9123 | Gauntlet | Found a large runed translucent door.
  9131 | Gauntlet | Found a transporter.
  9149 | Gauntlet | Found a transporter.
  9153 | Gauntlet | Reached ***** piety under Hepliaklqana
  9165 | Gauntlet | Found a large runed translucent door.
  9166 | Gauntlet | Found a large runed translucent door.
  9167 | Gauntlet | Found a large runed translucent door.
  9167 | Gauntlet | Found a large runed translucent door.
  9168 | Gauntlet | Found a runed translucent door.
  9169 | Gauntlet | Found a transporter.
  9170 | Gauntlet | Found a runed translucent door.
  9171 | Gauntlet | Found a large runed translucent door.
  9171 | Gauntlet | Found a large runed translucent door.
  9171 | Gauntlet | Found a transporter.
  9172 | Gauntlet | Found a large runed translucent door.
  9173 | Gauntlet | Found a large runed translucent door.
  9205 | Gauntlet | Found a transporter.
  9270 | Lair:1   | You fall into a shaft and drop 1 floor!
  9342 | Lair:2   | Found a staircase to the Swamp.
  9342 | Lair:2   | Noticed an alligator
  9374 | Lair:2   | Killed an alligator
  9435 | Lair:2   | Noticed a four-headed hydra
  9443 | Lair:2   | Killed a four-headed hydra
  9444 | Lair:2   | Reached skill level 1 in Maces & Flails
  9464 | Lair:2   | Noticed Gastronok
  9479 | Lair:2   | Killed Gastronok
  9937 | Lair:2   | Reached skill level 5 in Conjurations
  9942 | Lair:2   | Gained mutation: You are mostly covered in molten scales.
                  | (AC +3) [demonic ancestry]
  9942 | Lair:2   | Reached XP level 12. HP: 69/69 MP: 22/27
 10351 | Lair:2   | Noticed Nergalle
 10359 | Lair:2   | Killed Nergalle
 10668 | Swamp:1  | Entered Level 1 of the Swamp
 10696 | Swamp:1  | Noticed a thorn hunter
 10703 | Swamp:1  | Killed a thorn hunter
 10706 | Swamp:1  | HP: 3/69 [swamp dragon (2)]
 10707 | Swamp:1  | HP: 1/69 [acid (7)]
 10707 | Swamp:1  | Mangled by a swamp dragon

Illustrated notes

Levels and vault maps discovered:
D:1:      roderic_crop_circles_arrival_small, layout_basic, serial_shops,
          nicolae_shop_tiny_waterfront
D:2:      layout_rooms, hellmonk_ecumenical_altar_zigzags,
          chequers_serial_rivers_micro_a, solitary_fountain,
          minmay_misc_feat_chi, uniq_jessica
D:3:      layout_loops_ring, grunt_temple_overflow_open, uniq_terence
D:4:      layout_gridville, serial_demonic, serial_demonic_g, serial_demonic_e,
          serial_demonic_a, serial_demonic_e, serial_demonic_e
D:5:      layout_basic, grunt_temple_overflow_opulence,
          grunt_temple_overflow_cloverleaf, st_stairs_8,
          minmay_gold_behind_fungi, feat_on_display, uniq_crazy_yiuf_cottage
D:6:      layout_loops_ring, vehumet_statue, nicolae_tso_besieged_by_evil
D:7:      layout_gridville, temple_pool_b, enter_bailey_6
D:8:      layout_rooms, nicolae_uskayaw_murder_on_the_dancefloor, uniq_psyche
D:9:      layout_rooms
D:10:     layout_rooms, grunt_lair_entry_orc_guard_hut, serial_ice,
          serial_ice_l, serial_ice_f, serial_ice_n, serial_ice_o, uniq_erolcha
Lair:1:   minmay_lair_venomous_thicket, layout_small_grid,
          gauntlet_entry_generic, chequers_serial_rivers_micro_c,
          lemuel_fruit_fields, serial_bayou_shore_b
Lair:2:   layout_chaotic_city, mainiacjoe_swamp_entry_lozenge_pond,
          gammafunk_lair_bear_cave, uniq_nergalle, uniq_gastronok
Swamp:1:  layout_falls_marsh, evilmike_swamp_ruin_rubble_1

Skill      XL: |  1  2  3  4  5  6  7  8  9 10 11 12 |
---------------+-------------------------------------+-----
Stealth        | 2 3 4 |  4.2
Alchemy        | 4 5 6 7 9 11 12 | 12.9
Dodging        | 2 |  2.8
Air Magic      | 1 2 |  2.1
Short Blades   | 1 |  1.0
Spellcasting   | 3 4 5 6 8 10 11 12 | 12.1
Conjurations   | 2 3 4 5 |  5.3
Fighting       | 1 |  1.3
Fire Magic     | 2 3 4 |  4.0
Invocations    | 1 2 |  2.1
Armour         | 1 2 |  2.2
Evocations     | 1 |  1.2
Maces & Flails | 1 |  1.3
Translocations | |  0.3

Action                     |  1- 3 |  4- 6 |  7- 9 | 10-12 || total
---------------------------+-------+-------+-------+-------++-------
  Melee: Unarmed           |     5 |       |       |       ||     5
         Short sword       |    18 |     3 |       |       ||    21
         Headbutt          |     2 |       |     2 |     1 ||     5
         Dagger            |       |     1 |     3 |       ||     4
         Mace              |       |       |    10 |    11 ||    21
   Cast: Sting             |    53 |    39 |    42 |   106 ||   240
         Mercury Vapours   |     3 |    16 |     1 |       ||    20
         Olgreb's Toxic Ra |       |     6 |    41 |    58 ||   105
         Mephitic Cloud    |       |     1 |       |       ||     1
         Volatile Blastmot |       |       |     2 |       ||     2
         Sticky Flame      |       |       |    12 |    38 ||    50
 Invoke: Ancestor Identity |       |     2 |       |       ||     2
         Ancestor Life: Ba |       |     1 |       |       ||     1
         Idealise          |       |       |     1 |     3 ||     4
         Recall Ancestor   |       |       |       |     1 ||     1
  Evoke: Phantom mirror    |       |       |       |     2 ||     2
    Use: Scroll            |     2 |     1 |     8 |     3 ||    14
         Potion            |       |     1 |     3 |     5 ||     9
   Stab: Sleeping          |     1 |       |       |       ||     1
         Paralysed         |       |       |       |     7 ||     7
 Armour: Robe              |    22 |    11 |    28 |     3 ||    64
         Troll leather arm |       |       |       |    44 ||    44
  Dodge: Dodged            |    15 |     5 |    32 |    18 ||    70
